 Dungeon Crawl Stone Soup version 0.27-a0-686-gaed091b46b (webtiles) character file.

Game seed: 17410423376463610373

4 Lanoc the Cutter (level 1, -6/13 HPs)
             Began as a Deep Elf Chaos Knight on Mar 20, 2021.
             Was a Plaything of Xom.
             Mangled by a goblin
             ... wielding a +0 club
             ... led by Robin
              (8 damage)
             ... on level 2 of the Dungeon.
             The game lasted 00:00:17 (51 turns).

Lanoc the Cutter (Deep Elf Chaos Knight)              Turns: 51, Time: 00:00:18

Health: -6/13      AC:  5    Str:  9    XL:     1   Next: 58%
Magic:  3/3        EV: 12    Int: 16    God:    Xom [..*...]
Gold:   0          SH:  0    Dex: 14    Spells: 0/0 levels left

rFire    . . .     SeeInvis .   a - +0 short sword (chaos)
rCold    . . .     Faith    .   (no shield)
rNeg     . . .     Spirit   .   b - +2 leather armour
rPois    .         Reflect  .   (no helmet)
rElec    .         Harm     .   (no cloak)
rCorr    .         Rampage  .   (no gloves)
Will     .....                  (no boots)
Stlth    +.........             (no amulet)
HPRegen  0.04/turn              (no ring)
MPRegen  0.08/turn              (no ring)

@: no status effects
A: no striking features
a: Renounce Religion


You were on level 2 of the Dungeon.
You worshipped Xom.
You were a toy of Xom.
You visited 1 branch of the dungeon, and saw 2 of its levels.

Inventory:

Hand Weapons
 a - a +0 short sword of chaos (weapon)
Armour
 b - a +2 leather armour (worn)


   Skills:
 + Level 2.5 Fighting
 - Level 3.0 Short Blades
 - Level 0.7 Armour
 + Level 2.7 Dodging


You couldn't memorise any spells.
You didn't know any spells.
Your spell library was empty.

Dungeon Overview and Level Annotations

Branches:
Dungeon (2/15)

Altars:
Makhleb

Annotations:
D:2 Robin


Message History

The goblin barely misses you.
You hit the goblin. You burn the goblin.
You kill the goblin!
You hit the rat.
You kill the rat!
No target in view!
There is an escape hatch in the floor here.
You slide downwards.
The hatch slams shut behind you.
An adder, a jackal, a giant cockroach, 13 goblins and Robin come into view.
Robin shouts!
The goblin shouts! x4; The adder hisses angrily.
The hobgoblin shouts!
The goblin shouts! x3; The jackal barks!
You hear an angry hiss.
You hear a shout!
The goblin shouts!
You hear a bark! x2
Found 12 gold pieces, a club, 11 arrows and a glowing whip.
Found a burning altar of Makhleb.
A frilled lizard comes into view.
The frilled lizard hisses angrily.
A jackal comes into view.
The goblin closely misses you.
Robin roars a battlecry!
The goblins go into a battle-frenzy!
Found a stone staircase leading up.
A rat comes into view.
The rat barely misses you.
You hit the rat.
You kill the rat!
The goblin hits you with a +0 club.
You see here a rat corpse.
You barely miss the goblin.
A jackal comes into view.
Robin throws the goblin at you! The goblin closely misses you.
The goblin hits you with a +0 club.
You barely miss the goblin.
Robin flexes a bicep menacingly.
The goblin misses you. The goblin hits you with a +0 club.
* * * LOW HITPOINT WARNING * * *
You closely miss the goblin. The goblin hits you but does no damage.
The goblin hits you with a +0 club!
Ouch! That really hurt!
You die...
Xom chortles!

#(.........
#.......... #
#.g........ #.
..####g.g..)....
..
...$..gggSg...l.
.......g.ggg..g.h<
#..######.#####.
##.#..######.#
......g@g.ggg#
......########
...#. # #


You could see Robin and 4 goblins.

Vanquished Creatures
  A giant cockroach (D:1)
  A goblin (D:1)
  A ball python (D:1)
  2 rats
5 creatures vanquished.

Notes
Turn   | Place    | Note
-------+----------+-------------------------------------------
     0 | D:1      | Lanoc the Deep Elf Chaos Knight began the quest for the
                  | Orb.
     0 | D:1      | Reached XP level 1. HP: 13/13 MP: 3/3
    40 | D:2      | Found a burning altar of Makhleb.
    40 | D:2      | Noticed Robin
    51 | D:2      | Mangled by a goblin

Illustrated notes

Levels and vault maps discovered:
D:1:      lemuel_arrival_hallway, layout_basic, minivault_14, minivault_24,
          serial_bayou_pond_a
D:2:      layout_loops_ring, bloody_makhleb, uniq_natasha, uniq_sigmund,
          uniq_robin

Action                   || total
-------------------------++-------
Melee: Short sword       ||    16
Armor: Leather armour    ||     6
Dodge: Dodged            ||     8

Table legend: (Time is in decaauts)
 A = Elapsed time spent in this place.
 B = Non-inter-level travel time spent in this place.
 C = Inter-level travel time spent in this place.
 D = Time resting spent in this place.
 E = Time spent auto-exploring this place.
 F = Levels seen in this place.
 G = Mean time per level.
                   A        B        C        D        E       F      G
               +--------+--------+--------+--------+--------+-----+--------+
         Total |     50 |     43 |      7 |      0 |     16 |   2 |   25.0 |
       Dungeon |     50 |     43 |      7 |      0 |     16 |   2 |   25.0 |
               +--------+--------+--------+--------+--------+-----+--------+

Top non-repeatable levels by time:
     D:1: 39 daAuts
     D:2: 10 daAuts
